 Dungeon Crawl Stone Soup version 0.19-b1-4-gd8a0a2a (webtiles) character file.

438 LORDOFBUTT the Covert (level 6, -1/30 HPs)
             Began as a Spriggan Assassin on Oct 31, 2016.
             Slain by an orc
             ... wielding a +0 short sword
              (4 damage)
             ... on level 4 of the Dungeon.
             The game lasted 00:07:07 (3315 turns).

LORDOFBUTT the Covert (Spriggan Assassin)           Turns: 3315, Time: 00:07:07

Health: -1/30      AC:  3    Str:  7    XL:     6   Next: 69%
Magic:  7/7        EV: 20    Int: 12    God:
Gold:   182        SH:  2    Dex: 20    Spells: 0 memorised, 5 levels left

rFire  . . .     SeeInvis +     b - +0 blowgun
rCold  . . .     Gourm    .     c - +0 robe
rNeg   . . .     Faith    .     (shield restricted)
rPois  .         Spirit   .     (helmet restricted)
rElec  .         Reflect  +     t - +0 cloak
rCorr  .         Harm     .     (gloves unavailable)
MR     +....                    (boots unavailable)
Stlth  +++++.....               y - +2 amulet of reflection
                                B - ring of see invisible
                                h - +3 ring of evasion

@: very quick
A: unfitting armour, see invisible, herbivore 3, speed 3, slow metabolism 2
a: no special abilities


You were on level 4 of the Dungeon.
You were hungry.

You visited 1 branch of the dungeon, and saw 5 of its levels.

You collected 182 gold pieces.

Inventory:

Hand Weapons
 a - a +2 dagger
 b - a +0 blowgun (weapon)
Missiles
 e - 3 poisoned needles (quivered)
 i - a curare-tipped needle
Armour
 c - a +0 robe (worn)
 t - a +0 cloak (worn)
Jewellery
 h - a +3 ring of evasion (left hand)
 w - an uncursed amulet of magic regeneration
 y - a +2 amulet of reflection (around neck)
 A - an uncursed amulet of guardian spirit {unknown}
 B - a ring of see invisible (right hand)
 E - an uncursed amulet of regeneration {unknown}
Wands
 f - a wand of flame (7/48)
 x - a wand of paralysis (12/24)
Scrolls
 k - a scroll of enchant weapon {unknown}
 m - 6 scrolls of remove curse {unknown}
 p - a scroll of fog {unknown}
 s - a scroll of teleportation {unknown}
 v - a scroll of identify {unknown}
 z - a scroll of immolation {unknown}
 D - a scroll of fear {unknown}
Potions
 j - a potion of berserk rage {unknown}
 n - a potion of flight {unknown}
 o - a potion of cancellation {unknown}
 q - a potion of agility {unknown}
 u - a potion of magic {unknown}
 C - a potion of might {unknown}
Comestibles
 d - a slice of pizza
 g - 5 bread rations
 l - 9 fruits
 r - a royal jelly


   Skills:
 - Level 1.7 Fighting
 + Level 5.5 Short Blades
 - Level 2.0 Throwing
 - Level 1.5 Dodging
 + Level 9.8 Stealth


You had 5 spell levels left.
You didn't know any spells.

Dungeon Overview and Level Annotations

Branches:
Dungeon (5/15)
 Temple: D:4-7

Altars:
Fedhas

Annotations:
D:3 RavenKnight's ghost, amateur GrFi


Innate Abilities, Weirdness & Mutations

You are very small and have problems with some larger weapons.
You are too small for most types of armour.
You have supernaturally acute eyesight. (SInv)
You are a herbivore.
You cover ground extremely quickly.
You need consume almost no food.


Message History

The orc is poisoned.
The orc is moderately wounded.
Firing (i - inventory. (,) - cycle):
e - 6 poisoned needles (quivered)
Press: ? - help, Shift-Dir - straight line, f/p - orc
Aim: an orc, wielding a short sword and wearing a chain mail (moderately wounded, poisoned)
You shoot a poisoned needle. The poisoned needle hits the orc.
The orc is moderately wounded.
The orc closely misses you.
Firing (i - inventory. (,) - cycle):
e - 5 poisoned needles (quivered)
Press: ? - help, Shift-Dir - straight line, f/p - orc
Aim: an orc, wielding a short sword and wearing a chain mail (moderately wounded, poisoned)
You shoot a poisoned needle.
The poisoned needle barely misses the orc.
Firing (i - inventory. (,) - cycle):
e - 4 poisoned needles (quivered)
Press: ? - help, Shift-Dir - straight line, f/p - orc
Aim: an orc, wielding a short sword and wearing a chain mail (severely wounded, poisoned)
You shoot a poisoned needle.
The poisoned needle barely misses the orc.
The orc hits you with a short sword.
You die...

#.#(#######.#.#รท##
#(#.# #.#.#...
#.#.# #.#.##..
#.#.# #.#.##..
#.#.#######.#.....
#(#.........#....#
#%#....######....#
#o##.#.....<#....#
#@#.......###.....
#.#.o.o...'.......
#[#.......########
#......o..........
##################


You could see an orc.

Vanquished Creatures
  Sigmund (D:2)
  A hound (D:4)
  Crazy Yiuf (D:2)
  An iguana (D:3)
  A worker ant (D:4)
  10 adders
  An ooze (D:3)
  An adder skeleton (D:2)
  3 worms
  3 dart slugs
  2 leopard geckos
  3 orcs (D:3)
  A bat (D:2)
  A bat zombie (D:2)
  5 giant cockroaches
  4 goblins
  5 hobgoblins
  2 quokkas (D:4)
  A ball python (D:1)
  3 frilled lizards
  9 kobolds
  A quokka skeleton (D:4)
  8 rats
68 creatures vanquished.

Notes
Turn   | Place    | Note
-------+----------+-------------------------------------------
     0 | D:1      | LORDOFBUTT the Spriggan Assassin began the quest for the Orb.
     0 | D:1      | Reached XP level 1. HP: 10/10 MP: 2/2
    10 | D:1      | Reached skill level 6 in Stealth
   139 | D:1      | Reached XP level 2. HP: 10/15 MP: 3/3
   483 | D:2      | Reached skill level 7 in Stealth
   483 | D:2      | Reached XP level 3. HP: 16/18 MP: 4/4
   793 | D:2      | Found a runed door.
   796 | D:2      | Noticed Sigmund
  1190 | D:2      | Reached XP level 4. HP: 20/23 MP: 5/5
  1639 | D:2      | Killed Sigmund
  1639 | D:2      | Reached skill level 8 in Stealth
  1639 | D:2      | Reached XP level 5. HP: 19/26 MP: 6/6
  1783 | D:2      | Noticed Crazy Yiuf
  1797 | D:2      | Killed Crazy Yiuf
  1797 | D:2      | Reached skill level 9 in Stealth
  1797 | D:2      | Reached XP level 6. HP: 21/30 MP: 7/7
  1917 | D:3      | Reached skill level 5 in Short Blades
  2233 | D:3      | Found a faded altar of an unknown god.
  2280 | D:3      | Noticed RavenKnight's ghost (amateur GrFi)
  3041 | D:4      | Found a blossoming altar of Fedhas.
  3264 | D:5      | Entered Level 5 of the Dungeon
  3315 | D:4      | Slain by an orc

Skill      XL: |  1  2  3  4  5  6 |
---------------+-------------------+-----
Stealth        | 6 7 8 9 |  9.8
Short Blades   | 3 4 5 |  5.5
Fighting       | |  1.7
Throwing       | |  2.0
Dodging        | |  1.5

Action                   |  1- 3 |  4- 6 || total
-------------------------+-------+-------++-------
Melee: Dagger            |    87 |   213 ||   300
 Fire: Blowgun           |     8 |    17 ||    25
  Use: Potion            |     1 |       ||     1
 Stab: Sleeping          |     8 |     6 ||    14
Armor: Robe              |     4 |    14 ||    18
Dodge: Dodged            |    63 |   136 ||   199
Block: Other             |       |     7 ||     7
